 Dungeon Crawl Stone Soup version 0.29-a0-830-gcb1280458a (webtiles) character file.

Game seed: 8614543175629906838

245 masada555 the Shield-Bearer (level 5, -4/47 HPs)
             Began as a Minotaur Fighter on July 11, 2022.
             Slain by IndoAryan's ghost (11 damage)
             ... on level 4 of the Dungeon.
             The game lasted 00:13:44 (3455 turns).

masada555 the Shield-Bearer (Minotaur Fighter)      Turns: 3455, Time: 00:13:44

Health: -4/47      AC:  8    Str: 23    XL:     5   Next: 83%
Magic:  4/4        EV:  9    Int:  5    God:
Gold:   259        SH:  0    Dex:  9    Spells: 4/4 levels left

rFire   x . .      SeeInvis .   g - +10 quarterstaff "Yrolam" {protect, rPois rF- Will+ Stlth+}
rCold   . . .      Faith    .   (shield currently unavailable)
rNeg    . . .      Spirit   .   b - +0 scale mail
rPois   +          Reflect  .   (helmet restricted)
rElec   .          Harm     .   (no cloak)
rCorr   .          Rampage  .   (no gloves)
Will    +....                   j - +0 pair of boots
Stlth   +.........              (no amulet)
HPRegen 0.15/turn               (no ring)
MPRegen 0.09/turn               (no ring)

@: no status effects
A: horns 2, retaliatory headbutt
a: no special abilities


You were on level 4 of the Dungeon.
You visited 1 branch of the dungeon, and saw 4 of its levels.

You collected 259 gold pieces.

Inventory:

Hand Weapons
 g - the +10 quarterstaff "Yrolam" (weapon) {protect, rPois rF- Will+ Stlth+}
   (You took it off an orc on level 4 of the Dungeon)

   It grants its wielder temporary protection when it strikes (+7 to AC).
   rF:        It makes you vulnerable to fire.
   rPois:     It protects you from poison.
   Will:      It increases your willpower.
   Stlth:     It makes you more stealthy.
 h - a +1 flail of draining
Missiles
 k - a boomerang (quivered)
Armour
 b - a +0 scale mail (worn)
 c - a +1 buckler
 j - a +0 pair of boots (worn)
Wands
 i - a wand of flame (15)
Scrolls
 a - a scroll of amnesia
 e - 2 scrolls of poison
 f - a scroll of identify
Potions
 d - a potion of might


   Skills:
 - Level 4.7 Fighting
 - Level 4.0 Long Blades
 - Level 2.7 Maces & Flails
 + Level 0.0(1.5) Staves
 - Level 4.7 Armour
 - Level 4.8 Shields


You had 4 spell levels left.
You didn't know any spells.
Your spell library contained the following spells:

 Spells                   Type           Power      Damage    Failure   Level
 Summon Small Mammal      Summ           0%         N/A       78%         1
 Static Discharge         Conj/Air       0%         3-3/arc   89%         2
 Call Canine Familiar     Summ           0%         N/A       98%         3
 Summon Guardian Golem    Hex/Summ       0%         N/A       98%         3
 Dispel Undead            Necr           0%         3d6       100%        4
 Sticky Flame             Conj/Fire      0%         2d3       100%        4
 Lightning Bolt           Conj/Air       0%         1d11      100%        5
 Maxwell's Capacitive Co  Air            0%         ∞         100%        8


Dungeon Overview and Level Annotations

Branches:
Dungeon (4/15)
 Temple: D:4-7

Altars:
Nemelex Xobeh

Annotations:
D:4 Bediveer's ghost, novice PaAK; IndoAryan's ghost, amateur HuBe; flotson's ghost, weakling DsDe; gobodom's ghost, amateur DsAK; greasedhog's ghost, amateur GnFi


Innate Abilities, Weirdness & Mutations

You have a pair of horns on your head.
You reflexively headbutt those who attack you in melee.


Message History

Items here: )) ††.
Things that are here:
a +0 spear; a dart slug corpse You see here a +0 falchion.
You see here an orc skeleton.
Things that are here:
a +0 club; a stone; a kobold skeleton
a - a scroll of amnesia
There is a stone staircase leading up here.
Bediveer's ghost turns its malevolent gaze towards you.
Flotson's ghost turns its malevolent gaze towards you.
Greasedhog's ghost turns its malevolent gaze towards you.
IndoAryan's ghost turns its malevolent gaze towards you.
Found a club.
Bediveer's ghost says, "I'll split you in two!"
Found a scale mail and a bubbling silvery potion.
You open the gate.
Bediveer's ghost says, "Try not to bleed too much."
You closely miss IndoAryan's ghost. Your headbutt misses IndoAryan's ghost.
IndoAryan's ghost hits you.
IndoAryan's ghost attacks as you move away!
IndoAryan's ghost hits you!
You hit Bediveer's ghost.
Your weapon exudes an aura of protection.
Bediveer's ghost is lightly damaged.
IndoAryan's ghost barely misses you. You furiously retaliate!
You headbutt IndoAryan's ghost! Bediveer's ghost hits you.
Greasedhog's ghost barely misses you. You furiously retaliate!
You headbutt greasedhog's ghost! IndoAryan's ghost hits you.
Gobodom's ghost hits you but does no damage.
Greasedhog's ghost hits you!
* * * LOW HITPOINT WARNING * * *
Bediveer's ghost hits you.
* * * LOW HITPOINT WARNING * * *
IndoAryan's ghost hits you but does no damage.
Gobodom's ghost closely misses you.
Gobodom's ghost hits you but does no damage.
IndoAryan's ghost attacks as you move away!
IndoAryan's ghost hits you!
You die...

##.[8!.## ###.##
##8.....8####...)#
#).......?##..#..## #
#........?##.##.... #o
#8.......8##.##.##. #.##
#$.......!#..##.##. ...#
####'''########.##. #..#
#..WW....#.# #.###
#..##.@WWW...#.# #.### ..##
#....###.####.# #...# #...###
##..## #.###..# ###.. #.....##
#..# #.....########. .......##
#..## ####.## #...... ........#
##...####..<####...... ........#
##.....................
........###..####....############
..............#.#...##


You could see Bediveer's ghost, IndoAryan's ghost, flotson's ghost, gobodom's
ghost and greasedhog's ghost.

Vanquished Creatures
  A gnoll bouda (D:4)
  2 orc priests
  4 adders
  3 gnolls (D:4)
  2 dart slugs
  9 orcs
  10 ball pythons
  5 bats
  6 endoplasms
  3 giant cockroaches
  2 hobgoblins
  3 jackals (D:2)
  5 kobolds
  3 quokkas
  7 frilled lizards
  8 goblins
  7 rats
80 creatures vanquished.

Notes
Turn   | Place    | Note
-------+----------+-------------------------------------------
     0 | D:1      | masada555 the Minotaur Fighter began the quest for the Orb.
     0 | D:1      | Reached XP level 1. HP: 19/19 MP: 0/0
   114 | D:1      | Reached XP level 2. HP: 27/27 MP: 1/1
   627 | D:1      | Found a faded altar of an unknown god.
  1017 | D:2      | Reached XP level 3. HP: 32/33 MP: 2/2
  1833 | D:3      | Reached XP level 4. HP: 40/40 MP: 3/3
  2432 | D:3      | Found a sparkling altar of Nemelex Xobeh.
  3016 | D:4      | Reached XP level 5. HP: 47/47 MP: 4/4
  3045 | D:4      | Found a runed translucent gate.
  3046 | D:4      | Found a runed translucent gate.
  3046 | D:4      | Found a runed translucent gate.
  3046 | D:4      | Noticed greasedhog's ghost (amateur GnFi)
  3047 | D:4      | Noticed gobodom's ghost (amateur DsAK)
  3047 | D:4      | Noticed IndoAryan's ghost (amateur HuBe)
  3047 | D:4      | Noticed Bediveer's ghost (novice PaAK)
  3047 | D:4      | Noticed flotson's ghost (weakling DsDe)
  3152 | D:4      | Identified the +10 quarterstaff "Yrolam" {protect, rPois
                  | rF- Will+ Stlth+}
  3190 | D:4      | Reached skill level 1 in Maces & Flails
  3455 | D:4      | Slain by IndoAryan's ghost

Illustrated notes

Levels and vault maps discovered:
D:1:      sevenhm_arrival_forest_fort_small_3, layout_basic,
          ebering_ecumenical_altar_abandoned, minmay_splitting_lines
D:2:      layout_basic, nicolae_titane
D:3:      cheibrodos_pilgrimage, layout_loops_ring, nemelex_spade_bored_becter
D:4:      layout_rooms, gammafunk_ghost_cemetery, minmay_misc_feat_tiny

Skill      XL: |  1  2  3  4  5 |
---------------+----------------+-----
Fighting       | 4 |  4.7
Shields        | 4 |  4.8
Long Blades    | 3 4 |  4.0
Armour         | 4 |  4.7
Maces & Flails | 2 |  2.7

Action                   |  1- 3 |  4- 6 || total
-------------------------+-------+-------++-------
Melee: Long sword        |    86 |     4 ||    90
       Headbutt          |    17 |     8 ||    25
       Flail             |       |    59 ||    59
       Quarterstaff      |       |    11 ||    11
  Use: Scroll            |     8 |     1 ||     9
       Potion            |     4 |     4 ||     8
Armor: Scale mail        |    44 |    41 ||    85
Dodge: Dodged            |    52 |    47 ||    99
Block: Buckler           |    27 |    21 ||    48

Table legend: (Time is in decaauts)
 A = Elapsed time spent in this place.
 B = Non-inter-level travel time spent in this place.
 C = Inter-level travel time spent in this place.
 D = Time resting spent in this place.
 E = Time spent auto-exploring this place.
 F = Levels seen in this place.
 G = Mean time per level.
                   A        B        C        D        E       F      G
               +--------+--------+--------+--------+--------+-----+--------+
         Total |   3482 |   3384 |     98 |      0 |   2609 |   4 |  870.5 |
       Dungeon |   3482 |   3384 |     98 |      0 |   2609 |   4 |  870.5 |
               +--------+--------+--------+--------+--------+-----+--------+

Top non-repeatable levels by time:
     D:3: 1224 daAuts
     D:1: 1020 daAuts
     D:2: 763 daAuts
     D:4: 473 daAuts
